 Dungeon Crawl Stone Soup version 0.26.1-11-gd32895ea62 (webtiles) character file.

Game seed: 14545486908874811396

78 Arcadio the Sneak (level 4, -10/29 HPs)
             Began as an Octopode Brigand on May 22, 2021.
             Mangled by Crazy Yiuf
             ... wielding a +3 quarterstaff of chaos
              (11 damage)
             ... on level 2 of the Dungeon.
             The game lasted 00:01:52 (1205 turns).

Arcadio the Sneak (Octopode Brigand)                Turns: 1205, Time: 00:01:52

Health: -10/29     AC:  1    Str: 10    XL:     4   Next: 36%
Magic:  0/4        EV: 13    Int: 13    God:
Gold:   77         SH:  0    Dex: 14    Spells: 3/3 levels left

rFire    . . .     SeeInvis .   a - +2 dagger
rCold    . . .     Faith    .   (no shield)
rNeg     . . .     Spirit   .   (helmet restricted)
rPois    .         Reflect  .   (no amulet)
rElec    .         Harm     .   (no ring)
rCorr    .         Rampage  .   (no ring)
Will     .....                  (no ring)
Stlth    +++++.....             (no ring)
HPRegen  0.09/turn              (no ring)
MPRegen  0.09/turn              (no ring)
                                (no ring)
                                (no ring)

@: lethally poisoned (-10 -> -18), hasted, very quick
A: almost no armour, stealthy swim, amphibious, 8 rings, constrict 8, camouflage
1, gelatinous body 1
a: no special abilities


You were on level 2 of the Dungeon.
You visited 1 branch of the dungeon, and saw 2 of its levels.

You collected 77 gold pieces.

Inventory:

Hand Weapons
 a - a +2 dagger (weapon)
Missiles
 b - 8 poisoned darts (quivered)
 c - 2 curare-tipped darts
 i - 4 atropa-tipped darts
Jewellery
 d - an uncursed ring of willpower
Scrolls
 g - 2 scrolls of remove curse {unknown}
 l - 2 scrolls of teleportation {unknown}
Potions
 e - a potion of attraction
 f - a potion of flight
 h - a potion of brilliance
 j - a potion of mutation
 k - a potion of haste


   Skills:
 - Level 2.0 Fighting
 + Level 2.4 Short Blades
 - Level 2.0 Throwing
 + Level 1.0 Dodging
 + Level 7.6 Stealth


You had 3 spell levels left.
You didn't know any spells.
Your spell library was empty.

Dungeon Overview and Level Annotations

Branches:
Dungeon (2/15)

Altars:

Annotations:
D:2 Crazy Yiuf


Innate Abilities, Weirdness & Mutations

You cannot wear most types of armour.
You are very stealthy in the water. (Stealth+)
You are amphibious.
You can wear up to eight rings at the same time.
You can use your tentacles to constrict eight enemies at once.
Your skin changes colour to match your surroundings (Stealth+).
Your rubbery body absorbs attacks. (AC +1, EV +1)


Message History

You constrict Crazy Yiuf.
Crazy Yiuf hits you with a +3 quarterstaff of chaos!
You are poisoned.
You hit Crazy Yiuf. You squeeze Crazy Yiuf.
Crazy Yiuf is heavily wounded.
You constrict Crazy Yiuf, but do no damage.
You feel sick. Crazy Yiuf barely misses you.
You hit Crazy Yiuf.
Crazy Yiuf is severely wounded.
You constrict Crazy Yiuf.
You feel sick. Crazy Yiuf closely misses you.
You hit Crazy Yiuf but do no damage.
Crazy Yiuf is severely wounded.
You constrict Crazy Yiuf, but do no damage.
You feel sick.
Crazy Yiuf hits you with a +3 quarterstaff of chaos!
* * * LOW HITPOINT WARNING * * *
You feel your power leaking away.
It was a potion of haste.
You feel yourself speed up.
You constrict Crazy Yiuf.
Crazy Yiuf hits you with a +3 quarterstaff of chaos!
You die...

##..#####....).....
#....# ##.##.####.
#PP#.# #[##.####.
##PP)# #.##......
##)## #.......#.
##)# #.#####...
#)## ###)# #.#.
##)# #.#.# #...
#@## #.#.# #.## #g#
#.#.#####.# )))
#.#.......## #)))#
#..........# #).)#
####..####.# #####
#..# #.# #..####.#
#........ ######...


You could see Crazy Yiuf.

Vanquished Creatures
  Terence (D:2)
  2 adders (D:2)
  A worm (D:2)
  A ball python (D:2)
  5 bats
  4 giant cockroaches
  3 goblins
  A hobgoblin (D:2)
  3 frilled lizards (D:2)
  10 kobolds
31 creatures vanquished.

Vanquished Creatures (others)
  A fungus (D:2)
1 creature vanquished.

Grand Total: 32 creatures vanquished

Notes
Turn   | Place    | Note
-------+----------+-------------------------------------------
     0 | D:1      | Arcadio the Octopode Brigand began the quest for the Orb.
     0 | D:1      | Reached XP level 1. HP: 14/14 MP: 1/1
   145 | D:1      | Reached XP level 2. HP: 18/19 MP: 2/2
   149 | D:1      | Reached skill level 6 in Stealth
   456 | D:2      | Noticed Terence
   462 | D:2      | Killed Terence
   463 | D:2      | Reached XP level 3. HP: 24/24 MP: 3/3
   480 | D:2      | Reached skill level 7 in Stealth
   745 | D:2      | Reached XP level 4. HP: 29/29 MP: 4/4
  1194 | D:2      | Found a runed translucent door.
  1195 | D:2      | Noticed Crazy Yiuf
  1204 | D:2      | HP: 1/29 [Crazy Yiuf/+3 quarterstaff of chaos (14)]
  1205 | D:2      | Mangled by Crazy Yiuf

Illustrated notes

Levels and vault maps discovered:
D:1:      amcnicky_arrival_single_pillar, layout_rooms, minmay_hexomino_f4
D:2:      layout_loops_ring, uniq_crazy_yiuf_cottage, uniq_terence

Skill      XL: |  1  2  3 |
---------------+----------+-----
Stealth        | 6 7 |  7.6
Fighting       | |  2.0
Short Blades   | |  2.4
Throwing       | |  2.0
Dodging        | |  1.0

Action                   |  1- 3 |  4- 6 || total
-------------------------+-------+-------++-------
Melee: Dagger            |    25 |    19 ||    44
       Constrict         |     8 |     7 ||    15
       Tentacles         |     9 |     5 ||    14
  Use: Scroll            |     2 |     2 ||     4
       Potion            |       |     1 ||     1
 Stab: Sleeping          |    11 |     2 ||    13
Armor: Skin              |     3 |       ||     3
Dodge: Dodged            |    11 |    15 ||    26
